Map: Catalyst LE

Players

Gemini

  • Race: Protoss Protoss
  • Spawn Location: 11:00

PandaBearMe - Winner!

  • Race: Zerg Zerg
  • Spawn Location: 5:00

Event: WCS Austin 2018

VOD

Have the link to the VOD?

Description

Time

  • Played on: June 1, 2018, 2 p.m.
  • Length: 4:10

All games in this series

Show
View Real Time Build Order
Export as new Build Order

Gemini Protoss 

Build Orders: 1 Gate Expand, Oracle Opening, Phoenix Opening 

Get SALT Encoding   

  12  0:00  Probe  
  13  0:13  Probe  
  14  0:18  Pylon  
  14  0:23  Probe  
  15  0:32  Probe  
  15  0:38  Gateway  
  15  0:40  Probe  
  16  0:47  Assimilator  
  17  0:51  Probe  
  18  1:03  Probe  
  19  1:22  Nexus  
  19  1:26  Probe  
  20  1:36  Cybernetics Core  
  20  1:39  Probe  
  21  1:46  Assimilator  
  21  1:51  Probe  
  22  1:55  Pylon  
  22  2:03  Probe  
  22  2:04  Adept  
  25  2:16  Probe  
  25  2:19  Stargate  
  26  2:28  Probe  
  27  2:33  Probe  
  28  2:41  Probe x2  
  28  2:42  Pylon  
  30  2:51  Adept  
  30  2:52  Probe  
  30  2:53  Probe  
  30  2:58  Phoenix  
  34  3:05  Probe  
  37  3:09  Probe  
  38  3:17  Probe  
  39  3:21  Probe  
  39  3:22  Oracle  
  39  3:23  Adept  
  45  3:32  Probe  
  45  3:33  Pylon  
  46  3:39  Probe  
  45  3:44  Probe  
  45  3:45  Gateway  
  45  3:48  Assimilator  
  46  3:51  Probe  
  46  3:55  Assimilator  
  47  3:56  Probe  
  47  3:59  Stargate  
Show
View Real Time Build Order
Export as new Build Order

PandaBearMe Zerg - Winner!

Build Orders: Hatch First, Zergling Baneling 

Get SALT Encoding   

  12  0:01  Drone  
  13  0:12  Overlord  
  13  0:16  Drone  
  14  0:31  Drone x2  
  16  0:49  Hatchery  
  15  0:51  Drone  
  15  0:55  Drone  
  17  0:58  Drone  
  17  1:01  Extractor  
  17  1:15  Spawning Pool  
  16  1:19  Drone  
  16  1:21  Drone  
  18  1:36  Drone  
  18  1:39  Drone  
  20  1:49  Overlord  
  20  2:08  Queen  
  22  2:10  Metabolic Boost, Zergling x2  
  22  2:12  Drone  
  22  2:15  Drone  
  27  2:16  Zergling x2  
  27  2:21  Drone  
  29  2:25  Drone  
  28  2:38  Baneling Nest  
  27  2:47  Zergling x2  
  27  2:49  Hatchery  
  27  2:50  Zergling x4  
  27  2:51  Zergling x2  
  30  2:54  Zergling x2  
  30  2:57  Zergling x2  
  32  3:14  Overlord  
  32  3:15  Zergling x4  
  32  3:19  Zergling x4  
  36  3:35  Zergling x6  
  36  3:38  Zergling x2  
  40  3:41  Baneling x4  
  40  3:42  Zergling x2  
  41  3:48  Baneling  
  41  3:49  Baneling x3, Zergling x2  
  41  3:52  Overlord, Zergling x2  
Tags
 
Add a new tag
Caveats
  • Supply blocks, unpowered buildings, or Contaminate may cause inaccurate times.
  • Supply counts are checked every 10 seconds.